 Dungeon Crawl Stone Soup version 0.30.0-5-g1a98f26d00 (webtiles) character file.

Game seed: 9350467455751490588

5240 Adrian566 the Cleaver (level 10, -10/88 HPs)
             Began as a Hill Orc Fighter on May 11, 2023.
             Was an Initiate of Beogh.
             Killed from afar by a steam dragon (20 damage)
             ... with a ball of steam
             ... on level 8 of the Dungeon.
             The game lasted 00:07:36 (9863 turns).

Adrian566 the Cleaver (Hill Orc Fighter)            Turns: 9863, Time: 00:07:36

Health: -10/88     AC: 11    Str: 24    XL:     10   Next: 61%
Magic:  10/10      EV: 12    Int:  8    God:    Beogh [......]
Gold:   607        SH:  6    Dex: 16    Spells: 9/9 levels left

rFire   . . .        a - +1 war axe
rCold   . . .        c - +0 buckler
rNeg    . . .        y - +0 acid dragon scales
rPois   .            (no helmet)
rElec   .            m - +2 cloak
rCorr   +            (no gloves)
SInv    .            (no boots)
Will    .....        (no amulet)
Stlth   ++           l - +6 ring of dexterity
HPRegen 0.34/turn    (no ring)
MPRegen 0.12/turn

%: no passive effects
@: no status effects
A: no striking features
a: Renounce Religion


You were on level 8 of the Dungeon.
You worshipped Beogh.
Beogh was noncommittal.
You visited 2 branches of the dungeon, and saw 9 of its levels.
You also visited: Ossuary.

You collected 607 gold pieces.

Inventory:

Hand Weapons
 a - a +1 war axe (weapon)
Missiles
 d - 2 throwing nets
Armour
 c - a +0 buckler (worn)
 m - a +2 cloak (worn)
 y - +0 acid dragon scales (worn)
Jewellery
 f - a ring of ice
 j - an amulet of reflection
 l - a +6 ring of dexterity (left hand)
 p - a ring of willpower
 t - a ring of poison resistance
 x - a +6 ring of intelligence
 F - a ring of magical power
 I - an amulet of magic regeneration
Wands
 u - a wand of light (11) (quivered)
 w - a wand of digging (6)
 A - a wand of charming (24)
 G - a wand of polymorph (13)
Scrolls
 b - a scroll of fear
 e - 3 scrolls of teleportation
 h - a scroll of enchant armour
 k - a scroll of amnesia
 q - 2 scrolls of magic mapping
 s - 2 scrolls of silence
 B - a scroll of enchant weapon
 E - 5 scrolls of identify
Potions
 g - 2 potions of lignification
 i - 2 potions of haste {unknown}
 n - a potion of berserk rage
 o - 2 potions of heal wounds {unknown}
 r - 5 potions of curing
 v - a potion of ambrosia {unknown}
 z - 3 potions of brilliance {unknown}
 C - 3 potions of degeneration
 D - 2 potions of flight {unknown}
 H - a potion of attraction {unknown}


   Skills:
 + Level 8.3 Fighting
 + Level 14.0 Axes
 + Level 7.5 Armour
 + Level 3.5 Dodging
 + Level 1.6 Stealth
 + Level 5.9 Shields
 + Level 1.0 Evocations


You had 9 spell levels left.
You didn't know any spells.
Your spell library was empty.

Dungeon Overview and Level Annotations

Branches:
Dungeon (8/15)             Temple (1/1) D:7         Ossuary (visited)
   Lair: D:8-11

Altars:
Ashenzari
Cheibriados
Dithmenos
Elyvilon
Fedhas
Gozag
Hepliaklqana
Kikubaaqudgha
Makhleb
Nemelex Xobeh
Okawaru
Qazlal
Ru
Sif Muna
Trog
Uskayaw
Vehumet
Wu Jian
Xom
Yredelemnul
The Shining One


Message History

You feel strangely unstable. The yak misses you. You block the yak's attack.
The yak gores you but does no damage. x2
You hit the yak.
The yak is heavily wounded.
You closely miss the yak. You slash the yak! You hit the yak.
The yak gores you!
* * * LOW HITPOINT WARNING * * *
You block the yak's attack. The yak gores you but does no damage.
The yak closely misses you.
You slash the yak!
The yak is almost dead.
You slash the yak!
You kill the yak!
Beogh accepts your kill.
You hit the yak but do no damage. You slash the yak!
You kill the yak!
Beogh accepts your kill.
You barely miss the yak.
The yak is almost dead.
You slash the yak! The yak gores you!
* * * LOW HITPOINT WARNING * * *
You block the yak's attack.
Unknown command.
You hit the yak.
The yak is almost dead.
You hit the yak. x2; You hit the yak but do no damage.
The yak gores you but does no damage. x2; The yak gores you.
* * * LOW HITPOINT WARNING * * *
The yak gores you but does no damage.
Unknown command.
You slash the yak!
You kill the yak!
Beogh accepts your kill.
You slash the yak! You hit the yak but do no damage. You hit the yak.
Your surroundings suddenly seem different.
A steam dragon comes into view.
Your Axes skill increases to level 14!
The steam dragon breathes steam at you. The ball of steam hits you!!
You die...

#..............
.............
............
##........##
#.....D..D..
##....#
##..§.##
##..§### #..@##
#....## ......#
#....# #....
#... ##. #.


There were no monsters in sight!

Vanquished Creatures
  Pikel (D:4)
  The ghost of Voxie the Magician, a novice GrAE of Hepliaklqana (D:7)
  A troll (D:8)
  Sigmund (D:5)
  3 yaks (D:8)
  Eustachio (D:5)
  A steam dragon (D:8)
  Menkaure (Ossuary)
  An acid dragon (D:6)
  Duvessa (D:7)
  A water moccasin (D:6)
  A sky beast (D:7)
  5 black bears
  An ogre (D:6)
  A centaur (D:8)
  A lemure (D:4)
  2 phantoms
  Blork the orc (D:5)
  2 kobold brigands
  2 bullfrogs
  A wyvern zombie (D:6)
  A wight (D:8)
  Dowan (D:7)
  A troll zombie (Ossuary)
  A water moccasin skeleton (D:6)
  5 killer bees (D:7)
  A howler monkey (D:7)
  4 bullfrog zombies (D:6)
  2 centaur zombies (Ossuary)
  4 hounds
  Crazy Yiuf (D:3)
  An orc priest (D:7)
  A bullfrog skeleton (D:6)
  3 jellies
  A sleepcap (D:3)
  Ijyb (D:4)
  Terence (D:2)
  4 iguanas
  An orc wizard (D:5)
  2 ogre zombies (Ossuary)
  6 mummies (Ossuary)
  A howler monkey zombie (D:6)
  10 adders
  8 river rats
  2 shadow imps
  A white imp (D:4)
  2 ufetubi
  5 adder zombies (Ossuary)
  2 worms (D:3)
  4 dart slugs
  14 orcs
  3 bats
  8 endoplasms
  A giant cockroach (D:1)
  9 goblins
  7 hobgoblins
  4 jackals (D:2)
  7 quokkas
  4 ball pythons
  2 frilled lizards (D:1)
  A gnoll zombie (Ossuary)
  4 goblin zombies (Ossuary)
  4 hobgoblin zombies (Ossuary)
  12 kobolds
  A kobold zombie (Ossuary)
  3 quokka zombies (Ossuary)
  22 rats
  7 rat zombies (Ossuary)
220 creatures vanquished.

Vanquished Creatures (others)
  A bullfrog (D:7)
  A killer bee (D:7)
  An orc priest (D:7)
  2 orcs (D:7)
5 creatures vanquished.

Grand Total: 225 creatures vanquished

Notes
Turn   | Place    | Note
-------+----------+-------------------------------------------
     0 | D:1      | Adrian566 the Hill Orc Fighter began the quest for the Orb.
     0 | D:1      | Reached XP level 1. HP: 19/19 MP: 1/1
   230 | D:1      | Reached XP level 2. HP: 26/27 MP: 2/2
   390 | D:1      | Reached skill level 3 in Axes
   680 | D:1      | Found a faded altar of an unknown god.
   887 | D:1      | Reached XP level 3. HP: 33/33 MP: 3/3
  1159 | D:2      | Noticed Terence
  1160 | D:2      | Found a shimmering blue altar of Sif Muna.
  1172 | D:2      | Killed Terence
  1524 | D:2      | Reached XP level 4. HP: 40/40 MP: 4/4
  1611 | D:2      | Reached skill level 4 in Axes
  2129 | D:3      | Found a shadowy altar of Dithmenos.
  2129 | D:3      | Found a shimmering blue altar of Sif Muna.
  2129 | D:3      | Found an opulent altar of Gozag.
  2129 | D:3      | Found a hazy altar of Hepliaklqana.
  2650 | D:3      | Reached XP level 5. HP: 45/47 MP: 5/5
  2976 | D:3      | Found a blossoming altar of Fedhas.
  3182 | D:3      | Found a runed translucent door.
  3183 | D:3      | Noticed Crazy Yiuf
  3251 | D:3      | Killed Crazy Yiuf
  3252 | D:3      | Reached skill level 5 in Axes
  3445 | D:4      | Noticed a kobold brigand
  3445 | D:4      | Noticed Ijyb
  3479 | D:4      | Killed Ijyb
  3521 | D:4      | Reached XP level 6. HP: 53/53 MP: 6/6
  3549 | D:4      | Reached skill level 6 in Axes
  3549 | D:4      | Reached skill level 1 in Dodging
  3597 | D:4      | Noticed Pikel
  3628 | D:4      | Killed Pikel
  3629 | D:4      | Reached skill level 5 in Fighting
  3629 | D:4      | Reached skill level 7 in Axes
  3629 | D:4      | Reached skill level 5 in Armour
  3629 | D:4      | Reached XP level 7. HP: 17/61 MP: 7/7
  4108 | D:4      | You fall into a shaft and drop 1 floor!
  4108 | D:5      | Entered Level 5 of the Dungeon
  4263 | D:4      | Reached XP level 8. HP: 58/70 MP: 8/8
  4893 | D:5      | Noticed Eustachio
  4901 | D:5      | Killed Eustachio
  4902 | D:5      | Reached skill level 8 in Axes
  4994 | D:5      | Noticed Blork the orc
  5007 | D:5      | Killed Blork the orc
  5012 | D:5      | Reached skill level 9 in Axes
  5077 | D:5      | Noticed Sigmund
  5089 | D:5      | Killed Sigmund
  5513 | D:6      | Found a sand-covered staircase.
  5530 | Ossuary  | Entered an ossuary
  5835 | Ossuary  | Reached XP level 9. HP: 75/78 MP: 9/9
  5860 | Ossuary  | Reached skill level 10 in Axes
  5934 | Ossuary  | Noticed Menkaure
  5942 | Ossuary  | Killed Menkaure
  5943 | Ossuary  | Reached skill level 1 in Stealth
  5943 | Ossuary  | Reached skill level 5 in Shields
  6403 | D:6      | HP: 1/78 [acid dragon (4)]
  6699 | D:6      | Reached skill level 11 in Axes
  6769 | D:6      | Reached skill level 1 in Evocations
  7027 | D:6      | Reached skill level 12 in Axes
  7190 | D:6      | Found a stormy altar of Qazlal.
  7456 | D:7      | Noticed Duvessa
  7456 | D:7      | Noticed Dowan
  7462 | D:7      | Killed Dowan
  7474 | D:7      | Killed Duvessa
  7799 | D:7      | Reached XP level 10. HP: 86/86 MP: 10/10
  7814 | D:7      | Found an iron altar of Okawaru.
  7890 | D:7      | Reached skill level 13 in Axes
  7922 | D:7      | Became a worshipper of Beogh the Brigand
  7943 | D:7      | Found a large runed translucent door.
  7943 | D:7      | Found a large runed translucent door.
  7944 | D:7      | Noticed Voxie's ghost (novice GrAE)
  8378 | D:7      | Found a glowing golden altar of the Shining One.
  8463 | D:7      | Found a hide-covered altar of Uskayaw.
  8689 | D:7      | Found a staircase to the Ecumenical Temple.
  8900 | D:7      | Killed Voxie's ghost
  9023 | Temple   | Entered the Ecumenical Temple
  9860 | D:8      | Reached skill level 14 in Axes
  9863 | D:8      | Killed from afar by a steam dragon

Illustrated notes

Levels and vault maps discovered:
D:1:      dpeg_arrival_court, layout_basic, shapermc_ecumenical_altar_acropolis
D:2:      layout_basic, basic_altar, serial_park_tiny_1, uniq_terence
D:3:      layout_basic, chequers_temple_overflow_statue_of_worship,
          fedhas_altar_4, minmay_stone_trees_small, minivault_14,
          uniq_crazy_yiuf_cottage
D:4:      minmay_clustersquares, layout_basic, portal_sewer_entry_b, uniq_pikel,
          uniq_ijyb
D:5:      layout_basic, uniq_eustachio, uniq_blork_the_orc, uniq_sigmund
D:6:      lemuel_ratsnest, layout_gridville, overflow_temple_1_default,
          lightli_ossuary_entry_decrepit_ruins, serial_undead, serial_undead_a,
          serial_undead_a, serial_undead_c, serial_undead_d,
          minmay_misc_feat_five, minmay_misc_feat_chi
D:7:      layout_basic, mainiacjoe_overflow_alcove_1,
          mainiacjoe_overflow_big_doors, temple_hall,
          ebering_ghost_disaster_area, uniq_duvessa
D:8:      layout_layer_cave, zin_treasury
Temple:   hellmonk_temple_two_chambers

Skill      XL: |  1  2  3  4  5  6  7  8  9 10 |
---------------+-------------------------------+-----
Fighting       | 4 5 6 7 8 |  8.3
Axes           | 3 4 5 7 9 12 14 | 14.0
Armour         | 4 5 6 7 |  7.5
Dodging        | 1 2 3 |  3.5
Shields        | 4 5 |  5.9
Stealth        | 1 |  1.6
Evocations     | 1 |  1.0

Action                     |  1- 3 |  4- 6 |  7- 9 | 10-12 || total
---------------------------+-------+-------+-------+-------++-------
  Melee: War axe           |    71 |   168 |   404 |    97 ||   740
 Invoke: Convert to Beogh  |       |       |       |     1 ||     1
  Evoke: Wand              |       |       |     2 |       ||     2
    Use: Potion            |       |     1 |     3 |     4 ||     8
         Scroll            |       |       |    20 |     2 ||    22
   Stab: Invisible         |       |       |     1 |       ||     1
         Sleeping          |       |       |       |     1 ||     1
 Armour: Scale mail        |    17 |    92 |   101 |       ||   210
         Acid dragon scale |       |       |    38 |    64 ||   102
  Dodge: Dodged            |    43 |    60 |   183 |    70 ||   356
  Block: Buckler           |    15 |    42 |    73 |    31 ||   161
